 Dungeon Crawl Stone Soup version 0.29.1-12-g30fa7ad0bf (webtiles) character file.

Game seed: 13442428091125551478

155 zeram the Poker (level 5, -1/42 HPs)
             Began as a Merfolk Fighter on Dec 14, 2022.
             Slain by a worm (4 damage)
             ... on level 3 of the Dungeon.
             The game lasted 00:03:17 (2633 turns).

zeram the Poker (Merfolk Fighter)                   Turns: 2633, Time: 00:03:18

Health: -1/42      AC: 11    Str: 18    XL:     5   Next: 37%
Magic:  5/5        EV:  5    Int:  7    God:
Gold:   906        SH:  5    Dex: 14    Spells: 4/4 levels left

rFire   . . .      SeeInvis .   a - +0 trident
rCold   . . .      Faith    .   c - +0 buckler
rNeg    . . .      Spirit   .   e - +0 plate armour
rPois   .          Reflect  .   (no helmet)
rElec   .          Harm     .   (no cloak)
rCorr   .          Rampage  .   (no gloves)
Will    +....                   (no boots)
Stlth   ..........              (no amulet)
HPRegen 0.14/turn               o - ring of willpower
MPRegen 0.09/turn               (no ring)

@: mighty, brilliant, attractive
A: (nimble swimmer 2), mertail
a: no special abilities


You were on level 3 of the Dungeon.
You visited 1 branch of the dungeon, and saw 3 of its levels.

You collected 906 gold pieces.

Inventory:

Hand Weapons
 a - a +0 trident (weapon)
Armour
 b - a +0 scale mail
 c - a +0 buckler (worn)
 e - a +0 plate armour (worn)
Jewellery
 o - a ring of willpower (left hand)
Wands
 h - a wand of flame (22)
Scrolls
 f - a scroll of magic mapping
 g - a scroll of amnesia
 p - a scroll of blinking
Potions
 d - 2 potions of might
 j - 2 potions of cancellation
 l - a potion of magic
 n - a potion of curing {unknown}


   Skills:
 + Level 3.9 Fighting
 + Level 5.2 Polearms
 + Level 2.8 Armour
 + Level 0.1 Stealth
 + Level 3.6 Shields


You had 4 spell levels left.
You didn't know any spells.
Your spell library contained the following spells:

 Spells                   Type           Power      Damage    Failure   Level
 Iskenderun's Battlesphe  Conj           0%         2d6       100%        5
 Iron Shot                Conj/Erth      0%         9d1       100%        6
 Spellforged Servitor     Conj/Summ      0%         N/A       100%        7


Dungeon Overview and Level Annotations

Branches:
Dungeon (3/15)

Altars:
Elyvilon


Innate Abilities, Weirdness & Mutations

((You are very nimble when in or above water. (Stealth+, EV+, Speed+++)))
Your lower body shifts to a powerful aquatic tail in water.


Message History

You are no longer poisoned.
The adder bites you but does no damage. x2
It was a potion of brilliance.
You feel clever all of a sudden. The adder bites you but does no damage.
It was a potion of attraction.
You feel attractive to monsters. The adder bites you but does no damage.
The worm is attracted toward you.
It was a potion of heal wounds.
You feel much better. The adder bites you.
You feel very mighty all of a sudden. The adder bites you but does no damage.
You block the adder's attack. The worm bites you.
The orc priest invokes the aid of Beogh against you.
Beogh smites you!
* * * LOW HITPOINT WARNING * * *
You puncture the adder!
The adder is severely wounded.
You block the adder's attack.
Unknown command.
You barely miss the adder.
The adder is severely wounded.
The adder bites you but does no damage. The worm bites you but does no damage.
You block the adder's attack.
You closely miss the adder.
The adder is severely wounded.
The adder bites you but does no damage. You block the worm's attack.
Unknown command.
You puncture the adder!
You kill the adder!
You puncture the orc!
You kill the orc!
The worm bites you.
* * * LOW HITPOINT WARNING * * *
You closely miss the orc priest.
The orc priest is lightly wounded.
The orc priest hits you but does no damage.
You puncture the orc priest!
The orc priest is almost dead.
The worm bites you.
You die...

.. #...........#######.
######...........#.....#.
.................')....#.
...........#....#########
...........#...^#).....)#
...........#....#[......'
........o..#....#......)#
#...####o###....#########
### #@# #.....'.....#.
#w# #.....#.....#. #.#
#.....#######. #.#
#####..#...#.. ..#
##.##.##.# ..# #..#†#..#
..# ##.....## ....
#######


You could see a worm, an orc priest and an orc.

Vanquished Creatures
  A jelly (D:3)
  4 adders
  2 worms (D:2)
  2 orcs (D:3)
  5 bats
  12 endoplasms
  2 giant cockroaches
  6 goblins
  5 hobgoblins
  4 jackals (D:1)
  9 kobolds
  7 quokkas
  5 ball pythons
  5 frilled lizards
  4 rats
73 creatures vanquished.

Notes
Turn   | Place    | Note
-------+----------+-------------------------------------------
     0 | D:1      | zeram the Merfolk Fighter began the quest for the Orb.
     0 | D:1      | Reached XP level 1. HP: 18/18 MP: 1/1
   210 | D:1      | Reached XP level 2. HP: 24/24 MP: 2/2
   415 | D:1      | Reached skill level 3 in Polearms
   660 | D:1      | Reached XP level 3. HP: 30/30 MP: 3/3
   900 | D:1      | Identified a scroll of acquirement
   900 | D:1      | Acquired 760 gold pieces
  1246 | D:2      | Noticed an eye of devastation
  1256 | D:2      | Found a faded altar of an unknown god.
  1257 | D:2      | Noticed a shining eye
  1257 | D:2      | Noticed a golden eye
  1257 | D:2      | Noticed a floating eye
  1435 | D:2      | Reached XP level 4. HP: 22/37 MP: 4/4
  1729 | D:2      | Reached skill level 4 in Polearms
  1808 | D:2      | Found a white marble altar of Elyvilon.
  2446 | D:3      | Reached XP level 5. HP: 30/42 MP: 5/5
  2448 | D:3      | Reached skill level 5 in Polearms
  2621 | D:3      | HP: 2/42 [orc priest/+0 flail (5)]
  2633 | D:3      | Slain by a worm

Illustrated notes

Levels and vault maps discovered:
D:1:      dpeg_arrival_stone_temple_mockup, layout_loops_ring
D:2:      layout_basic, basic_altar, hellmonk_ecumenical_altar_watching_god,
          hangedman_decor_riveting, dreamdust_wishing_well, minmay_cupped
D:3:      layout_basic, hangedman_ru_absence, solitary_fountain,
          kennysheep_decorative_pillar, minmay_divided_ellipse, uniq_terence

Skill      XL: |  1  2  3  4  5 |
---------------+----------------+-----
Polearms       | 3 4 5 |  5.2
Fighting       | |  3.9
Armour         | |  2.8
Stealth        | |  0.1
Shields        | |  3.6

Action                   |  1- 3 |  4- 6 || total
-------------------------+-------+-------++-------
Melee: Trident           |   147 |   101 ||   248
  Use: Scroll            |     1 |     6 ||     7
       Potion            |       |     5 ||     5
Armor: Plate armour      |    89 |    73 ||   162
Dodge: Dodged            |    27 |    24 ||    51
Block: Buckler           |    46 |    25 ||    71
